 Dungeon Crawl Stone Soup version 0.25-a0-566-g062765be81 (webtiles) character file.

Game seed: 14169302141951485639, levelgen mode: deterministic

233578 Flugslaktarn the Severer (level 18, -9/178 HPs)
             Began as a Deep Dwarf Fighter on Feb 28, 2020.
             Was the Champion of Makhleb.
             Killed from afar by a golden dragon (60 damage)
             ... with a bolt of fire
             ... on level 5 of the Vaults.
             The game lasted 00:15:16 (15476 turns).

Flugslaktarn the Severer (Deep Dwarf Fighter)      Turns: 15476, Time: 00:15:17

Health: -9/178     AC: 27    Str: 27    XL:     18   Next: 42%
Magic:  19/19      EV:  8    Int: 10    God:    Makhleb [******]
Gold:   590        SH: 14    Dex: 12    Spells: 17/17 levels left

rFire    x . .     SeeInvis +   H - +5 broad axe (vorpal)
rCold    . . .     Gourm    .   c - +0 kite shield
rNeg     + . .     Faith    .   L - +1 plate armour of Intuition {rElec rF- MR++ Slay+6}
rPois    .         Spirit   .   g - +1 helmet
rElec    +         Reflect  .   Q - scarf {repulsion}
rCorr    .         Harm     .   C - +2 pair of gloves
MR       +++++                  O - +0 pair of boots
Stlth    ..........             (no amulet)
HPRegen  0.00/turn              i - ring of see invisible
MPRegen  0.16/turn              m - ring of protection from magic

@: lethally poisoned (-9 -> -36), non-regenerating, lightly drained, repel
missiles
A: damage resistance, heal wounds, negative energy resistance 1, sense
surroundings 3, no regeneration
}: 2/15 runes: decaying, serpentine
a: Heal Wounds, Minor Destruction, Lesser Servant of Makhleb, Major Destruction,
Greater Servant of Makhleb, Renounce Religion


You were on level 5 of the Vaults.
You worshipped Makhleb.
Makhleb was exalted by your worship.
You were very hungry.

You visited 5 branches of the dungeon, and saw 32 of its levels.

You collected 1390 gold pieces.
You spent 800 gold pieces at shops.

Inventory:

Hand Weapons
 D - the +7 war axe of Conflict {drain, Dex+4}
   (You found it on level 8 of the Dungeon)

   A truly terrible weapon, it drains the life of those it strikes.
   It affects your dexterity (+4).
 H - a +5 vorpal broad axe (weapon)
   (You found it on level 1 of the Lair of Beasts)
Missiles
 z - a throwing net (quivered)
Armour
 b - a +1 cloak
   (You took it off Crazy Yiuf on level 4 of the Dungeon)
 c - a +0 kite shield (worn)
 g - a +1 helmet (worn)
   (You found it on level 1 of the Lair of Beasts)
 j - a +0 plate armour
   (You found it on level 3 of the Dungeon)
 u - a +3 chain mail
   (You found it on level 6 of the Dungeon)
 C - a +2 pair of gloves (worn)
   (You found it on level 8 of the Dungeon)
 K - a +2 chain mail of poison resistance
   (You took it off an orc on level 6 of the Dungeon)
 L - the +1 plate armour of Intuition (worn) {rElec rF- MR++ Slay+6}
   (You found it on level 6 of the Lair of Beasts)

   It affects your accuracy and damage with ranged weapons and melee attacks
   (+6).
   It makes you vulnerable to fire.
   It insulates you from electricity.
   It affects your resistance to hostile enchantments.
   If you remove this armour, your AC will decrease by 19 (27 -> 8).
 O - a +0 pair of boots (worn)
   (You found it on level 6 of the Lair of Beasts)
 Q - a scarf of repulsion (worn)
   (You found it on level 1 of the Snake Pit)
Jewellery
 i - a ring of see invisible (left hand)
   (You found it on level 5 of the Dungeon)
 m - a ring of protection from magic (right hand)
   (You found it on level 1 of the Vaults)
Wands
 v - a wand of digging (3)
   (You found it on level 3 of the Lair of Beasts)
 y - a wand of paralysis (49)
   (You found it on level 7 of the Dungeon)
 E - a wand of enslavement (9)
   (You found it on level 2 of the Lair of Beasts)
 N - a wand of iceblast (10)
   (You found it on level 6 of the Dungeon)
 S - a wand of acid (10)
   (You found it on level 1 of the Vaults)
Scrolls
 f - 3 scrolls of immolation
 r - 6 scrolls of identify
 s - 15 scrolls of remove curse
 t - 9 scrolls of teleportation
 A - 4 scrolls of magic mapping
 B - a scroll of vulnerability
 F - a scroll of brand weapon
 G - 6 scrolls of fog
 I - 3 scrolls of holy word
 R - a scroll of enchant armour
Potions
 a - 2 potions of invisibility
 h - 3 potions of haste
 k - 3 potions of brilliance
 l - 5 potions of lignification
 n - a potion of resistance
 o - 2 potions of ambrosia
 p - a potion of cancellation
 q - 6 potions of curing
 w - 2 potions of heal wounds
 x - a potion of magic
 J - 2 potions of stabbing
 M - a potion of flight {unknown}
 P - a potion of experience {unknown}
Comestibles
 e - 24 rations


   Skills:
 + Level 15.1 Fighting
 - Level 18.0(17.9) Axes
 + Level 17.6(17.5) Armour
 - Level 15.0(14.9) Shields
 - Level 15.0(14.9) Invocations


You had 17 spell levels left.
You didn't know any spells.
Your spell library was empty.

Dungeon Overview and Level Annotations

Branches:
Dungeon (13/15)            Temple (0/1) D:6            Lair (6/6) D:8
  Swamp (4/4) Lair:3        Snake (4/4) Lair:2        Slime (0/5) Lair:6
 Vaults (5/5) D:13
    Orc: D:9-12       Crypt: Vaults:2-3

Altars:
Ashenzari
Fedhas
Hepliaklqana
Makhleb
Nemelex Xobeh
Qazlal
Sif Muna
Trog
Uskayaw
Vehumet
Wu Jian
Zin

Shops:
D:6 ?   D:7 :   Snake:1 %*%   Snake:2 ?

Annotations:
D:13 3 runed translucent doors, Finod's ghost, journeyman DDFi
Lair:2 exclusion: 2 oklob plants
Lair:4 exclusion: 2 doors
Lair:6 1 runed translucent door, exclusion: oklob plant, Ewnywnom's ghost, journeyman OpTm


Innate Abilities, Weirdness & Mutations

You are resistant to damage.
You can heal yourself by infusing magical energy.
You resist negative energy. (rN+)
You passively map a large area around you.
You do not regenerate.


Message History

The golden dragon tramples you but does no damage.
You feel much better.
w - 2 potions of heal wounds;
s - 15 scrolls of remove curse The golden dragon breathes poison at you.
The blast of poison engulfs you!
You are more poisoned.
Okay, then.
A demon appears!
You are engulfed in poison gas.
You are more poisoned.
* * * LOW HITPOINT WARNING * * *
You feel very sick.
The golden dragon bites you but does no damage.
The golden dragon claws you!
* * * LOW HITPOINT WARNING * * *
The golden dragon tramples you but does no damage.
You feel much better.
You are engulfed in poison gas.
You are more poisoned.
You feel very sick. The golden dragon breathes fire at you.
The bolt of fire hits you!!! The fire burns you terribly!
You die...

##.........()..........###.. *
#.......................##..
#......###########......##..
*#......#.........#......# *
#....###..........##....# ,
#....#....#####....#....#*, *
#..^.#...○#$$$##...#....#
,*#....#..##☼D°°○##..#....# ,,
#....#..#☼☼@1○$$#..#....#
#....#..##☼°°$°##..#....# * ,
#....#...##°$$##...#....#*,,
*#....###..#####^.###.)..# ,
#......#..)).....#......#*, ,
*#......###########..)...# *,
##.....[.............†.## *
**#........)............# *,
.....##...............##....?.


You could see a golden dragon and a friendly Executioner.

Vanquished Creatures
  Frederick (Vaults:5)
  Nikola (Swamp:2)
  A lich (Vaults:5)
  A tentacled monstrosity (Vaults:5)
  A sphinx (Vaults:4)
  A shadow dragon (Vaults:5)
  A tengu reaver (Vaults:5)
  8 nagarajas (Snake:4)
  A fire giant (Vaults:4)
  A deep elf sorcerer (Vaults:5)
  A frost giant (Vaults:5)
  8 vault wardens
  2 very ugly things (Vaults:4)
  5 ironheart preservers
  An entropy weaver (Vaults:5)
  A stone giant (Vaults:5)
  A war gargoyle (Vaults:4)
  2 deep elf death magi
  Josephine (Snake:1)
  2 ogre magi (Vaults:4)
  A great orb of eyes (Vaults:4)
  A rakshasa (Vaults:1)
  A yaktaur captain (Vaults:4)
  A deep elf high priest (Vaults:5)
  2 ice dragons
  8 vault guards
  A ghost crab (Swamp:4)
  5 anacondas
  A catoblepas (Lair:6)
  14 naga warriors
  2 centaur warriors
  9 two-headed ogres
  10 alligators
  11 hydras
  A death knight (Vaults:3)
  2 dancing weapons (D:13)
  2 deep troll shamans
  A tengu warrior (D:12)
  15 death yaks
  A deep troll earth mage (Vaults:1)
  8 naga sharpshooters (Snake:4)
  A shock serpent (Snake:2)
  A deep elf knight (Vaults:1)
  A shadow wraith (Vaults:5)
  6 deep trolls
  8 skeletal warriors
  An unseen horror (D:7)
  A spriggan druid (Swamp:3)
  An ironbrand convoker (Vaults:1)
  3 flayed ghosts
  2 wizards
  5 naga ritualists
  8 swamp dragons (Swamp:4)
  4 harpies (Vaults:1)
  A necromancer (Vaults:4)
  A deep elf archer (Vaults:1)
  4 orc knights
  5 mana vipers
  2 salamanders (Snake:1)
  A wolf spider (Vaults:3)
  7 deep elf magi
  A mana viper (shapeshifter) (Vaults:5)
  A cyclops (D:13)
  27 ugly things
  A frost giant skeleton (Vaults:4)
  A sphinx skeleton (Vaults:4)
  7 naga magi
  22 black mambas
  15 elephants
  5 vault sentinels
  8 guardian serpents
  8 spiny frogs
  Maggie (Lair:1)
  3 freezing wraiths
  5 komodo dragons
  3 rime drakes
  5 yaktaurs (Vaults:1)
  2 polar bears (Lair:6)
  Grinder (D:4)
  7 tyrant leeches
  A tengu conjurer (D:12)
  2 hornets (Swamp:1)
  2 trolls
  12 blink frogs
  12 slime creatures
  2 bog bodies (Swamp:1)
  5 dream sheep (Lair:6)
  An ettin zombie (Vaults:4)
  2 spriggans (Swamp:3)
  5 wraiths (Snake:1)
  2 wyverns
  23 yaks
  11 insubstantial wisps
  56 nagas
  10 vampire mosquitoes
  4 swamp worms
  A warg (Vaults:4)
  An acid dragon (Vaults:1)
  14 water moccasins
  A soldier ant (D:13)
  11 porcupines
  10 orc warriors
  11 swamp drakes
  2 sky beasts
  2 black bears
  An ice beast (D:8)
  10 centaurs
  10 wolves
  8 ogres
  9 crocodiles
  A big kobold (D:12)
  12 bullfrogs
  A gnoll sergeant (D:7)
  3 scorpions
  3 howler monkeys (D:8)
  7 electric eels
  4 crimson imps
  8 orc priests
  5 bullfrog skeletons
  2 jellies
  Crazy Yiuf (D:4)
  6 hounds
  3 iguanas
  8 orc wizards
  11 worker ants
  2 hound zombies (D:7)
  A hound skeleton (D:6)
  3 gnolls (D:7)
  10 adders
  A shadow imp (D:8)
  An adder zombie (D:7)
  2 adder skeletons (D:4)
  2 worms
  A dart slug (D:1)
  A leopard gecko (D:6)
  42 orcs
  2 giant cockroaches
  3 goblins
  3 hobgoblins
  7 jackals
  5 quokkas
  2 bats
  6 frilled lizards
  A jackal zombie (D:6)
  7 kobolds
  A leopard gecko skeleton (D:4)
  2 rats
  6 fungi
  4 plants
755 creatures vanquished.

Vanquished Creatures (collateral kills)
  the Lernaean hydra (Swamp:4)
  Agnes (Snake:1)
  4 nagarajas (Snake:4)
  7 naga warriors
  4 hydras
  4 naga sharpshooters (Snake:4)
  A naga ritualist (Snake:4)
  2 black mambas
  A naga mage (Snake:1)
  A guardian serpent (Snake:4)
  13 nagas
  A swamp drake (Swamp:4)
  A plant (Lair:6)
41 creatures vanquished.

Vanquished Creatures (others)
  A naga ritualist (Snake:4)
  4 fungi
  4 plants
9 creatures vanquished.

Grand Total: 805 creatures vanquished

Notes
Turn   | Place    | Note
-------+----------+-------------------------------------------
     0 | D:1      | Flugslaktarn the Deep Dwarf Fighter began the quest for the
                  | Orb.
     0 | D:1      | Reached XP level 1. HP: 20/20 MP: 1/1
    63 | D:2      | Reached XP level 2. HP: 27/27 MP: 2/2
   156 | D:2      | Reached skill level 3 in Axes
   183 | D:2      | Reached XP level 3. HP: 23/33 MP: 3/3
   278 | D:3      | Found a burning altar of Makhleb.
   295 | D:3      | Reached XP level 4. HP: 34/42 MP: 4/4
   313 | D:3      | Became a worshipper of Makhleb the Destroyer
   465 | D:4      | Reached skill level 1 in Invocations
   467 | D:4      | Reached XP level 5. HP: 48/49 MP: 5/5
   483 | D:4      | Found a shattered altar of Ashenzari.
   506 | D:4      | Found a runed translucent door.
   507 | D:4      | Noticed Crazy Yiuf
   539 | D:4      | Reached skill level 4 in Axes
   545 | D:4      | Noticed Grinder
   549 | D:4      | Paralysed by Grinder for 2 turns
   616 | D:4      | Paralysed by Grinder for 2 turns
   619 | D:4      | Paralysed by Grinder for 4 turns
   646 | D:4      | Paralysed by Grinder for 4 turns
   654 | D:4      | Killed Grinder
   654 | D:4      | Reached XP level 6. HP: 37/57 MP: 7/7
   739 | D:4      | Reached * piety under Makhleb
   752 | D:4      | Reached skill level 5 in Axes
  1024 | D:4      | Reached XP level 7. HP: 50/63 MP: 9/9
  1554 | D:4      | Killed Crazy Yiuf
  1599 | D:5      | Entered Level 5 of the Dungeon
  1698 | D:5      | Reached skill level 5 in Shields
  1722 | D:5      | Reached skill level 5 in Armour
  1727 | D:5      | Reached skill level 6 in Axes
  1891 | D:5      | Found a shimmering blue altar of Sif Muna.
  2191 | D:6      | Reached XP level 8. HP: 71/73 MP: 10/10
  2283 | D:6      | Found Laqen Zur's Magic Scroll Boutique.
  2311 | D:6      | Reached ** piety under Makhleb
  2436 | D:6      | Reached skill level 7 in Axes
  2666 | D:6      | Reached skill level 5 in Invocations
  2679 | D:6      | Found a sparkling altar of Nemelex Xobeh.
  2762 | D:6      | Found a staircase to the Ecumenical Temple.
  2790 | D:6      | Reached skill level 5 in Fighting
  3044 | D:7      | Found Zuar's Book Boutique.
  3052 | D:7      | Noticed an air elemental
  3057 | D:7      | Found a stormy altar of Qazlal.
  3199 | D:7      | Gained mutation: You passively map the area around you.
                  | [Deep Dwarf growth]
  3199 | D:7      | Reached XP level 9. HP: 75/81 MP: 12/12
  3258 | D:7      | Reached skill level 8 in Axes
  3372 | D:7      | Noticed an unseen horror
  3374 | D:7      | Noticed a +0 hand axe
  3374 | D:7      | Noticed a +0 hand axe
  3378 | D:7      | Found a hide-covered altar of Uskayaw.
  3384 | D:7      | Killed an unseen horror
  3615 | D:7      | Noticed a deep elf mage
  3626 | D:7      | Killed a deep elf mage
  3626 | D:7      | Reached skill level 9 in Axes
  3797 | D:8      | Found a hazy altar of Hepliaklqana.
  3800 | D:8      | Found a radiant altar of Vehumet.
  3802 | D:8      | Found a bloodstained altar of Trog.
  3826 | D:8      | Found an ornate altar of the Wu Jian Council.
  3872 | D:8      | Reached *** piety under Makhleb
  3919 | D:8      | Found a glowing silver altar of Zin.
  3956 | D:8      | Noticed a komodo dragon
  3965 | D:8      | Killed a komodo dragon
  3973 | D:8      | Found a staircase to the Lair.
  4013 | D:8      | Reached XP level 10. HP: 82/91 MP: 14/14
  4064 | D:8      | Found a blossoming altar of Fedhas.
  4093 | D:8      | Found a shimmering blue altar of Sif Muna.
  4308 | D:8      | Got a brightly glowing war axe
  4309 | D:8      | Identified the +7 war axe of Conflict {drain, Dex+4} (You
                  | found it on level 8 of the Dungeon)
  4391 | Lair:1   | Entered Level 1 of the Lair of Beasts
  4433 | Lair:1   | Noticed Maggie
  4447 | Lair:1   | Killed Maggie
  4447 | Lair:1   | Reached skill level 10 in Axes
  4782 | D:6      | Bought a scroll of brand weapon for 260 gold pieces
  5288 | Lair:2   | Noticed a black mamba
  5299 | Lair:2   | Killed a black mamba
  5416 | Lair:2   | Reached **** piety under Makhleb
  5446 | Lair:2   | Reached skill level 11 in Axes
  5522 | Lair:2   | Found a staircase to the Snake Pit.
  5537 | Lair:2   | Reached XP level 11. HP: 93/99 MP: 15/15
  5659 | Lair:2   | Noticed an oklob plant
  5659 | Lair:2   | Noticed an oklob plant
  6114 | Lair:3   | Found a staircase to the Swamp.
  6494 | Lair:3   | Noticed an eight-headed hydra
  6513 | Lair:3   | Killed an eight-headed hydra
  6783 | Lair:4   | Reached skill level 12 in Axes
  7026 | Lair:4   | Noticed a catoblepas
  7026 | Lair:4   | Noticed a catoblepas
  7211 | Lair:4   | Reached skill level 10 in Invocations
  7500 | Lair:5   | Reached XP level 12. HP: 110/110 MP: 17/17
  7774 | Lair:5   | Noticed a death yak
  7790 | Lair:5   | Killed a death yak
  8171 | Lair:6   | Entered Level 6 of the Lair of Beasts
  8174 | Lair:6   | Reached skill level 13 in Axes
  8194 | Lair:6   | Found a staircase to the Slime Pits.
  8220 | Lair:6   | Reached skill level 10 in Shields
  8238 | Lair:6   | Noticed a five-headed hydra
  8254 | Lair:6   | Killed a 16-headed hydra
  8254 | Lair:6   | Reached skill level 10 in Armour
  8390 | Lair:6   | Reached ***** piety under Makhleb
  8467 | Lair:6   | Found a runed translucent door.
  8469 | Lair:6   | Noticed a death yak
  8470 | Lair:6   | Noticed a death yak
  8470 | Lair:6   | Noticed a death yak
  8470 | Lair:6   | Noticed a death yak
  8471 | Lair:6   | Noticed a death yak
  8472 | Lair:6   | Noticed a death yak
  8478 | Lair:6   | Killed a death yak
  8483 | Lair:6   | Killed a death yak
  8485 | Lair:6   | Killed a death yak
  8485 | Lair:6   | Reached XP level 13. HP: 119/120 MP: 19/19
  8488 | Lair:6   | Reached skill level 14 in Axes
  8793 | Lair:6   | Got a fine plate armour
  8804 | Lair:6   | Identified the cursed +1 plate armour of Intuition {rElec
                  | rF- MR++ Slay+6} (You found it on level 6 of the Lair of
                  | Beasts)
  9311 | Lair:6   | Noticed Ewnywnom's ghost (journeyman OpTm)
  9412 | Swamp:1  | Entered Level 1 of the Swamp
 10036 | Swamp:1  | Reached skill level 15 in Axes
 10116 | Swamp:2  | Noticed Nikola
 10142 | Swamp:2  | Killed Nikola
 10142 | Swamp:2  | Gained mutation: You resist negative energy. (rN+) [Deep
                  | Dwarf growth]
 10142 | Swamp:2  | Reached XP level 14. HP: 116/130 MP: 21/21
 10232 | Swamp:3  | Reached skill level 10 in Fighting
 10389 | Swamp:4  | Entered Level 4 of the Swamp
 10759 | Swamp:4  | Noticed a balrug
 10760 | Swamp:4  | Noticed a cacodemon
 11012 | Swamp:4  | Reached skill level 16 in Axes
 11067 | Swamp:4  | Noticed the 27-headed Lernaean hydra
 11074 | Swamp:4  | Killed the 27-headed Lernaean hydra
 11221 | Swamp:4  | Got a decaying rune of Zot
 11483 | Snake:1  | Entered Level 1 of the Snake Pit
 11497 | Snake:1  | Reached XP level 15. HP: 124/140 MP: 20/20
 11510 | Snake:1  | Noticed Agnes
 11534 | Snake:1  | Killed Agnes
 11596 | Snake:1  | Found Bodu Zacw's Food Shop.
 11599 | Snake:1  | Found Canoygi's Assorted Antiques.
 11601 | Snake:1  | Found Sybaamp's Food Shop.
 11802 | Snake:1  | Noticed Josephine
 11820 | Snake:1  | Killed Josephine
 11889 | Snake:2  | Found Fudwoe's Magic Scroll Shoppe.
 11910 | Snake:2  | Bought a scroll of enchant weapon for 135 gold pieces
 11910 | Snake:2  | Bought a scroll of enchant weapon for 135 gold pieces
 11910 | Snake:2  | Bought a scroll of enchant weapon for 135 gold pieces
 11910 | Snake:2  | Bought a scroll of enchant armour for 135 gold pieces
 12138 | Snake:4  | Entered Level 4 of the Snake Pit
 12161 | Snake:4  | Reached skill level 17 in Axes
 12233 | Snake:4  | Noticed a nagaraja
 12244 | Snake:4  | Noticed a nagaraja
 12248 | Snake:4  | Noticed a nagaraja
 12256 | Snake:4  | Killed a nagaraja
 12280 | Snake:4  | Killed a nagaraja
 12287 | Snake:4  | Killed a nagaraja
 12442 | Snake:4  | HP: 2/142 [naga/+0 long sword (7)]
 12488 | Snake:4  | Reached XP level 16. HP: 92/150 MP: 20/20
 12654 | Snake:4  | Reached skill level 15 in Invocations
 12674 | Snake:4  | Reached skill level 18 in Axes
 12692 | Snake:4  | Reached ****** piety under Makhleb
 13097 | Snake:4  | Got a serpentine rune of Zot
 13443 | D:10     | Entered Level 10 of the Dungeon
 13753 | D:13     | Noticed Finod's ghost (journeyman DDFi)
 13881 | D:13     | Found a runed translucent gate.
 13883 | D:13     | Found a runed translucent gate.
 13884 | D:13     | Found a runed translucent gate.
 13964 | D:13     | Found a gate to the Vaults.
 13973 | Vaults:1 | Entered Level 1 of the Vaults
 14315 | Vaults:1 | Reached XP level 17. HP: 139/162 MP: 19/19
 14394 | Vaults:1 | Reached skill level 15 in Shields
 14397 | Vaults:1 | Reached skill level 15 in Armour
 15241 | Vaults:4 | Gained mutation: You passively map a large area around you.
                  | [Deep Dwarf growth]
 15241 | Vaults:4 | Reached XP level 18. HP: 176/176 MP: 20/20
 15247 | Vaults:5 | Entered Level 5 of the Vaults
 15253 | Vaults:5 | Noticed a lich
 15258 | Vaults:5 | Noticed Frederick
 15261 | Vaults:5 | Killed a lich
 15284 | Vaults:5 | Killed Frederick
 15383 | Vaults:5 | Reached skill level 15 in Fighting
 15387 | Vaults:5 | Noticed a tentacled monstrosity
 15401 | Vaults:5 | Killed a tentacled monstrosity
 15465 | Vaults:5 | Noticed a golden dragon
 15476 | Vaults:5 | Killed from afar by a golden dragon

Levels and vault maps discovered:
D:1:      arrival_zaba_pyramid, layout_rooms, minmay_misc_feat_columns
D:2:      layout_loops_ring, nemelex_xobeh_ov_fountains_minmay
D:3:      layout_loops_ring, bloody_makhleb, first_ration, serial_bayou_pond_b,
          minmay_misc_feat_chi, eino_curves_03, uniq_jessica
D:4:      layout_basic, evilmike_ruin_ashenzari, serial_curves, eino_curves_03,
          eino_curves_03, uniq_crazy_yiuf_cottage, uniq_grinder
D:5:      layout_basic, kennysheep_mini_moat
D:6:      layout_basic, minmay_temple_entry_from_below_a, serial_shops, shop,
          skrybe_limestone_x, nemelex_diamond_rough_becter
D:7:      layout_loops_ring, nicolae_qazlal_style_of_elements,
          dancing_weapons_uskayaw, serial_shops, shop, guppyfry_early_elven_hall
D:8:      layout_cave_pools, nicolae_overflow_crystal_walls,
          kennysheep_little_box, lemuel_crystal_altar,
          grunt_temple_overflow_open, david_lair_shrubbed, serial_column_ruins,
          column_ruins_temple_hall, column_ruins_grid_1,
          column_ruins_columns_corner, column_ruins_corridor_straight,
          column_ruins_open_small, column_ruins_columns_straight
D:9:      layout_gridville, nicolae_ru_great_annihilating_truth
D:10:     layout_irregular_city, st_stairs_5
D:11:     layout_roguey, orc_0_dummy, uniq_fannar
D:12:     layout_loops_cross, grunt_pizzeria
D:13:     layout_roguey, erik_vaults_1, gammafunk_ghost_icy
Lair:1:   layout_chaotic_city, uniq_maggie
Lair:2:   layout_roguey, guppyfry_snake_entry_island, grunt_megastairs_5,
          minmay_lair_oklob_chamber
Lair:3:   layout_roguey, minmay_swamp_entry_eels
Lair:4:   nzn_motion_control, layout_loops_ring, serial_bayou_shore_b,
          grunt_megastairs_4
Lair:5:   layout_roguey, serial_bayou_pond_e, beast_lair_carwin_7,
          grunt_megastairs_1
Lair:6:   grunt_lair_end_beastmaster, layout_regular_city,
          minmay_slime_entry_pillars, ebering_ghost_reflecting_pool,
          minmay_lair_oklob_bushes
Swamp:1:  layout_basic_swamp, hangedman_swamp_ruin_wall
Swamp:2:  layout_basic_swamp, evilmike_swamp_ruin_house_1, swamp_pool4,
          uniq_nikola
Swamp:3:  layout_basic_swamp, evilmike_swamp_ruin_house_3,
          infiniplex_staircase_pool
Swamp:4:  swamp_old_school, layout_basic_swamp, swamp_pool3
Snake:1:  layout_rooms, minmay_shop_star, uniq_agnes, uniq_josephine
Snake:2:  layout_cave_shapes, serial_shops, shop_scrolls,
          minmay_shop_grid_forest
Snake:3:  layout_onion, uniq_jorgrun
Snake:4:  grunt_snake_rune_spirals, layout_onion_interference, uniq_vashnia
Vaults:1: nicolae_vaults_little_ls, vaults_room_boxed,
          ontoclasm_vaults_decontamination, vaults_room_stairs_pillars,
          dpeg_vaults_monster_row, vaults_room_stairs_pillars,
          ontoclasm_vaults_gateway, v_misc_13, v_misc_29,
          nicolae_vaults_windows_and_doors_thing, grunt_vaults_funnel,
          v_misc_23, layout_vaults_omnicross
Vaults:2: v_misc_12, vaults_room_large_hall, ontoclasm_vaults_spin,
          nicolae_vaults_network_star, hangedman_vaults_slice, v_misc_23,
          v_rooms_6, hangedman_vaults_capsules, minmay_crypt_entry_simple_box,
          vaults_room_pool, layout_vaults_big_room
Vaults:3: v_misc_17, hangedman_vaults_trim, v_misc_1,
          nicolae_vaults_stairing_the_circle, st_cells, v_misc_26, v_misc_8,
          nicolae_vaults_network_periphery, ontoclasm_vaults_tryst,
          nicolae_vaults_big_ls, hangedman_vaults_stretched_pinwheel, v_misc_25,
          ontoclasm_vaults_twist, layout_vaults_ring, serial_shops, shop
Vaults:4: vaults_room_glass_cross, v_alt_pattern_6, hangedman_vaults_cutoff,
          vaults_room_ringed_pool, hangedman_vaults_nails, vaults_mumra_lcd,
          grunt_vaults_twisty, v_pattern_2, vaults_room_fancy_cross,
          hangedman_vaults_maws, vaults_room_fancy_cross, layout_vaults_omnibox,
          basic_altar, uniq_aizul
Vaults:5: uniq_frederick

Skill      XL: |  1  2  3  4  5  6  7  8  9 10 11 12 13 14 15 16 17 18 |
---------------+-------------------------------------------------------+-----
Axes           | 3 4 5 6 7 9 11 12 13 15 16 17 18 | 18.0
Fighting       | 3 4 5 6 7 8 9 10 11 12 14 15 | 15.1
Armour         | 4 5 6 7 8 9 10 11 12 13 14 16 17 | 17.6
Shields        | 4 5 6 7 8 9 10 11 12 13 14 15 | 15.0
Invocations    | 1 2 3 4 5 7 8 10 11 12 13 14 15 | 15.0

Action                   |  1- 3 |  4- 6 |  7- 9 | 10-12 | 13-15 | 16-18 || total
-------------------------+-------+-------+-------+-------+-------+-------++-------
Melee: War axe           |   104 |   156 |   393 |   518 |   764 |       ||  1935
       Broad axe         |       |       |       |       |   196 |   910 ||  1106
Invok: Lesser Servant of |       |       |       |     3 |     5 |       ||     8
       Greater Servant o |       |       |       |       |     6 |     2 ||     8
 Abil: Heal Wounds       |     1 |     3 |     9 |     6 |    26 |    10 ||    55
  Use: Scroll            |       |       |       |    22 |    10 |     5 ||    37
       Potion            |       |       |       |       |     6 |     3 ||     9
 Stab: Distracted        |       |       |       |       |     4 |     3 ||     7
  Eat: Chunk             |       |     1 |    11 |    12 |     5 |     5 ||    34
       Ration            |       |       |       |     1 |     2 |     2 ||     5
Armor: Scale mail        |    49 |       |       |       |       |       ||    49
       Plate armour      |       |   105 |    60 |       |    56 |   159 ||   380
       Chain mail        |       |       |   146 |   306 |  1034 |   200 ||  1686
Dodge: Dodged            |    40 |    19 |    77 |   137 |   506 |   179 ||   958
       Deflected         |       |       |       |       |    25 |    36 ||    61
Block: Kite shield       |    68 |    74 |   234 |   290 |   857 |   538 ||  2061

Table legend:
 A = Non-vault XP
 B = Vault XP
 C = Vault XP percentage of total XP
 D = Non-vault monster count
 E = Vault monster count
 F = Vault count percentage of total count
                 A         B        C        D         E       F
            +---------+---------+-------+---------+---------+-------
      Total |  182071 |  144376 |  44.2 |     561 |     225 |  28.6
            +---------+---------+-------+---------+---------+-------
        D:1 |      11 |       0 |   0.0 |       6 |       0 |   0.0
        D:2 |      31 |       0 |   0.0 |      10 |       0 |   0.0
        D:3 |      57 |      30 |  34.5 |      15 |       4 |  21.1
        D:4 |     352 |     341 |  49.2 |      23 |       2 |   8.0
        D:5 |     598 |       0 |   0.0 |      17 |       0 |   0.0
        D:6 |    1037 |       0 |   0.0 |      22 |       0 |   0.0
        D:7 |    1654 |     563 |  25.4 |      30 |       1 |   3.2
        D:8 |     740 |     378 |  33.8 |      18 |       1 |   5.3
        D:9 |      42 |       0 |   0.0 |       2 |       0 |   0.0
       D:10 |     320 |       0 |   0.0 |       2 |       0 |   0.0
       D:11 |    1547 |       0 |   0.0 |       7 |       0 |   0.0
       D:12 |    5594 |       0 |   0.0 |      18 |       0 |   0.0
       D:13 |    4191 |    1808 |  30.1 |      17 |       2 |  10.5
     Lair:1 |    2651 |     409 |  13.4 |      19 |       1 |   5.0
     Lair:2 |    2971 |    1230 |  29.3 |      16 |       6 |  27.3
     Lair:3 |    1844 |     216 |  10.5 |      12 |       4 |  25.0
     Lair:4 |    6186 |      93 |   1.5 |      22 |       1 |   4.3
     Lair:5 |    1235 |    4287 |  77.6 |       5 |      12 |  70.6
     Lair:6 |   18222 |    9885 |  35.2 |      36 |      22 |  37.9
    Swamp:1 |    8519 |       0 |   0.0 |      27 |       0 |   0.0
    Swamp:2 |    5180 |    3913 |  43.0 |      18 |       1 |   5.3
    Swamp:3 |    7534 |       0 |   0.0 |      13 |       0 |   0.0
    Swamp:4 |    8883 |   12717 |  58.9 |      21 |      20 |  48.8
    Snake:1 |    9313 |    3784 |  28.9 |      20 |       7 |  25.9
    Snake:2 |    5816 |       0 |   0.0 |      12 |       0 |   0.0
    Snake:3 |    2321 |       0 |   0.0 |       8 |       0 |   0.0
    Snake:4 |   17341 |   47424 |  73.2 |      37 |      88 |  70.4
   Vaults:1 |   39769 |    4555 |  10.3 |      70 |       9 |  11.4
   Vaults:2 |       0 |     430 | 100.0 |       0 |       1 | 100.0
   Vaults:3 |    6504 |       0 |   0.0 |      10 |       0 |   0.0
   Vaults:4 |   17748 |   20791 |  53.9 |      23 |      25 |  52.1
   Vaults:5 |    3860 |   31522 |  89.1 |       5 |      18 |  78.3
            +---------+---------+-------+---------+---------+-------
